cohdb
Replays
Latest Replays
All Replays
Popular Replays
Top Player Replays
Match Explorer
How It Works
Community
CoH3 Stats
Reddit
Sign in to upload your games and track your stats! →
Sign in with Steam
Match 42294453
Unlisted
Match 42294453
Overview
Messages
Build Orders
End
Kettenkrad Recon Vehicle
Construct Infanterie Kompanie
Selects Terror Battlegroup
Selects Machine Gun Camouflage
MG 42 Machine Gun Team
MG 42 Machine Gun Team
Grenadier Squad
Grenadier Squad
Medical Station
GrW 34 Mortar Team
Infanterie Officer Quarters
Construct Panzergrenadier Kompanie
Construct Panzergrenadier Kompanie
251 Medium Carrier
Pak 40 Anti-tank Gun Team
Construct Panzer Kompanie
Selects Interrogate
Selects Jericho Trumpet
Stoßtruppen Squad
Stoßtruppen Squad
Jericho Trumpet
Panzer IV Medium Tank
伊蕾娜
momo
simranjitsingh713
ComradeIgor
墨书
HOLD THE LINE
So1os
wula
0
0
Comments
sign in to comment!
No comments posted yet!